 Dungeon Crawl Stone Soup version 0.31.0-12-g77e489cdc1 (webtiles) character file.

Game seed: 4188285238880632178

18982 Rindaz the Fighter (level 12, -2/91 HPs)
             Began as an Octopode Brigand on Feb 19, 2024.
             Was an Initiate of Gozag.
             Killed from afar by a rime drake (22 damage)
             ... with an icy flash freeze
             ... on level 1 of the Lair of Beasts.
             The game lasted 00:21:20 (13070 turns).

Rindaz the Fighter (Octopode Brigand)              Turns: 13070, Time: 00:21:21

Health: -2/91      AC:  1    Str: 10    XL:     12   Next: 64%
Magic:  13/15      EV: 22    Int: 13    God:    Gozag
Gold:   2086       SH:  0    Dex: 25    Spells: 12/15 levels left

rFire   . . .        h - +3 dagger (speed)
rCold   + . .        (no shield)
rNeg    + . .        (helmet restricted)
rPois   +            (no amulet)
rElec   .            Y - +4 ring of slaying
rCorr   +            P - ring of poison resistance
SInv    .            D - +6 ring of dexterity
Will    .....        c - ring of protection from cold
Stlth   +++++++      Z - ring of wizardry
HPRegen 0.35/turn    R - ring of resist corrosion
MPRegen 0.14/turn    N - ring of positive energy
                     (no ring)

%: wizardry (x1)
@: no status effects
A: almost no armour, amphibious, 8 rings, camouflage 1, gelatinous body 1,
(nimble swimmer 1), tentacles
a: Renounce Religion, Potion Petition, Call Merchant, Bribe Branch


You were on level 1 of the Lair of Beasts.
You worshipped Gozag.
Gozag was most pleased with you.
You visited 2 branches of the dungeon, and saw 13 of its levels.

You collected 2795 gold pieces.
You spent 640 gold pieces at shops.
You paid 69 gold pieces to Gozag.


Innate Abilities, Weirdness & Mutations

You cannot wear most types of armour.
You are amphibious.
You can wear up to eight rings at the same time.
Your skin changes colour to match your surroundings (Stealth+).
Your rubbery body absorbs attacks. (AC +1, EV +1)
((You are camouflaged when in or above water. (Stealth+)))
You have tentacles for arms and can constrict up to eight enemies at once.


   Skills:
 - Level 12.0 Fighting
 - Level 10.0 Short Blades
 - Level 2.0 Throwing
 + Level 9.7 Dodging
 - Level 12.0 Stealth
 - Level 2.0 Spellcasting
 - Level 2.0 Conjurations
 - Level 2.0 Air Magic
 - Level 3.0 Alchemy
 - Level 4.0 Evocations
 + Level 1.7 Shapeshifting


You had 12 spell levels left.
You knew the following spells:

 Your Spells              Type           Power      Damage    Failure   Level
m - Mephitic Cloud        Conj/Alch/Air  7%         N/A       12%         3

Your spell library contained the following spells:

 Spells                   Type           Power      Damage    Failure   Level
 Freeze                   Ice            4%         1d3       11%         1
 Swiftness                Air            6%         N/A       13%         3
 Ensorcelled Hibernation  Hex/Ice        2%         N/A       16%         2
 Sublimation of Blood     Necr           1%         N/A       16%         2
 Dazzling Flash           Conj/Hex       6%         N/A       21%         3
 Hailstorm                Conj/Ice       3%         3d5       21%         3
 Stone Arrow              Conj/Erth      6%         3d7       21%         3
 Call Canine Familiar     Summ           1%         N/A       28%         3
 Frozen Ramparts          Ice            2%         1d1       28%         3
 Passwall                 Erth           1%         N/A       28%         3
 Sigil of Binding         Hex            1%         N/A       28%         3
 Petrify                  Alch/Erth      5%         N/A       45%         4
 Dimensional Bullseye     Hex/Tloc       0%         N/A       65%         4
 Irradiate                Conj/Alch      3%         3d12      65%         5
 Silence                  Hex/Air        1%         N/A       86%         5
 Curse of Agony           Necr           1%         N/A       93%         5
 Sculpt Simulacrum        Ice/Alch       2%         N/A       100%        6
 Ozocubu's Refrigeration  Ice            0%         4d7       100%        7
 Lehudib's Crystal Spear  Conj/Erth      1%         10d2      100%        8
 Polar Vortex             Ice            0%         N/A       100%        9
 Animate Armour           Summ/Erth      Unusable   N/A       N/A         4

Inventory:

Hand Weapons
 f - a +1 rapier of draining
 h - a +3 dagger of speed (weapon)
Missiles
 b - 56 poisoned darts
 d - 2 atropa-tipped darts
 r - 3 throwing nets {=f}
 y - 3 curare-tipped darts (quivered) {=f}
Jewellery
 c - a ring of protection from cold (on tentacle)
 C - a ring of ice
 D - a +6 ring of dexterity (on tentacle)
 N - a ring of positive energy (on tentacle)
 P - a ring of poison resistance (right tentacle)
 R - a ring of resist corrosion (on tentacle)
 Y - a +4 ring of slaying (left tentacle)
 Z - a ring of wizardry (on tentacle)
Talismans
 p - a maw talisman
 q - a flux talisman
Wands
 v - a wand of mindburst (27)
 z - a wand of digging (7)
Scrolls
 g - 2 scrolls of vulnerability
 l - 2 scrolls of teleportation {@r2}
 m - 3 scrolls of blinking
 n - 4 scrolls of fear
 s - a scroll of silence {!r}
 t - a scroll of brand weapon
 u - 3 scrolls of immolation
 w - a scroll of amnesia
 x - 3 scrolls of poison
Potions
 a - 2 potions of ambrosia
 e - 2 potions of mutation
 i - 8 potions of heal wounds {@q2}
 j - 7 potions of curing {@q1}
 k - 6 potions of brilliance
 o - 5 potions of berserk rage {!q}
 B - 2 potions of enlightenment
 E - a potion of might {unknown}
 F - 2 potions of haste {@q3}
 H - a potion of lignification

Dungeon Overview and Level Annotations

Branches:
Dungeon (11/15)            Temple (0/1) D:7            Lair (2/5) D:11
    Orc (0/2) D:11
  Swamp: Lair:2-3    Shoals: Lair:2-3     Snake: Lair:2-3    Spider: Lair:2-3

Altars:
Dithmenos
Gozag
Kikubaaqudgha
Sif Muna
Trog
Uskayaw
Vehumet

Shops:
D:2 (   D:7 [   D:9 ([*

Annotations:
D:5 2 runed translucent doors, dchavez06's ghost, novice BaIE

#..####...#.#####
##...##### .###
##'.#..####### #P...##
.# #......~~.~.##
#.....# .#
##.#.~~~~~~..####...##
.##
##.~≈≈≈≈$~~~..#...#####
..#
#~~~≈≈≈~~~≈~.##.......#
.##
##.~≈~.°~≈~≈~#........#
..#
#.≈≈~$>○≈≈~~#.......##
..#
#~~≈~~°@$≈≈~....###(#
.## #~~≈≈≈≈k~~~~...##
### .# #.~≈~≈~≈≈~~....#
.# ##.~~~~~~~~...### .#
##)............## .##
##.###.#.......# ..#
### #....P....# .##
##...###..## .#
#####....# ####


You could see a rime drake (catching breath).


Message History

You enter the shallow water.
The rime drake hisses angrily.
You hit the wolf. You grab the wolf.
The wolf is moderately wounded.
You constrict the wolf, but do no damage.
The wolf is distracted by your dazzling golden aura.
The wolf howls!
You hit the wolf.
The wolf is no longer distracted by gold.
You squeeze the wolf!
You kill the wolf!
The rime drake seems less confused.
The rime drake is no longer distracted by gold.
The rime drake breathes ice at you. The icy flash freeze hits you!
You partially resist.
* * * LOW HITPOINT WARNING * * *
You are encased in ice.
The rime drake is distracted by your dazzling golden aura.
Unknown command.
The rime drake hisses angrily.
You hit the rime drake.
The rime drake is no longer distracted by gold.
The rime drake is heavily wounded.
You hit the rime drake but do no damage.
The rime drake is heavily wounded.
The ice encasing you melts away. The rime drake breathes ice at you.
The icy flash freeze hits you!! You partially resist.
You die...
Your body crumbles into a pile of gold.

Skill      XL: |  1  2  3  4  5  6  7  8  9 10 11 12 |
---------------+-------------------------------------+-----
Fighting       | 3 4 5 8 9 10 12 | 12.0
Short Blades   | 3 5 7 9 10 | 10.0
Dodging        | 2 5 6 9 |  9.7
Spellcasting   | 2 |  2.0
Conjurations   | 2 |  2.0
Air Magic      | 2 |  2.0
Alchemy        | 2 3 |  3.0
Stealth        | 10 11 12 | 12.0
Evocations     | 4 |  4.0
Shapeshifting  | 1 |  1.7
Throwing       | |  2.0

Action                     |  1- 3 |  4- 6 |  7- 9 | 10-12 || total
---------------------------+-------+-------+-------+-------++-------
  Melee: Dagger            |    41 |    88 |   161 |   596 ||   886
         Constrict         |    10 |    22 |    28 |    81 ||   141
         Tentacles         |     3 |    21 |    45 |   182 ||   251
         Punch             |     1 |     1 |     4 |     7 ||    13
  Throw: Dart              |       |       |     8 |     1 ||     9
   Cast: Mephitic Cloud    |       |       |       |    14 ||    14
  Evoke: Wand              |       |       |     3 |       ||     3
    Use: Scroll            |       |       |     8 |    14 ||    22
   Stab: Sleeping          |    13 |     5 |    16 |    33 ||    67
         Distracted        |       |       |     1 |    12 ||    13
         Confused          |       |       |       |    15 ||    15
 Armour: Skin              |    10 |    32 |    29 |   113 ||   184
  Dodge: Dodged            |    14 |    28 |    45 |   211 ||   298

Levels and vault maps discovered:
D:1:      giann_forest_graveyard, layout_rooms, corner_web_ring,
          minmay_misc_feat_rows
D:2:      minmay_razor_zed, layout_loops_ring, serial_shops, shop, uniq_jessica
D:3:      layout_rooms, mainiacjoe_overflow_catwalk, uniq_natasha
D:4:      layout_loops_ring, nicolae_overflow_crystal_walls,
          dreamdust_mushroom_princess
D:5:      minmay_inner_zag, layout_loops_corners,
          mainiacjoe_overflow_surrounded_room, ebering_ghost_disaster_area,
          uniq_grinder
D:6:      layout_cave_pools, tgw_sif, dreamdust_princess_bridge,
          minmay_microvault, uniq_eustachio
D:7:      layout_loops_ring, grunt_dithmenos_smoke_and_mirrors,
          minmay_temple_entry_gardened_gates, serial_shops,
          nicolae_lakefront_shop, chequers_serial_rivers_marsh,
          serial_library_regret_index_branch_corner
D:8:      layout_cave_pools
D:9:      layout_roguey, serial_shops, nicolae_shop_advertising_works
          [nicolae_subvault_shop_adworks], shop, shop
D:10:     layout_roguey, trog_three_pillars_becter, uniq_fannar, uniq_nergalle
D:11:     layout_loops_cross, hellmonk_lair_entry_icy, david_orc_4,
          eat_drink_and_be_merry_uskayaw
Lair:1:   layout_hall_layers, basic_altar, beast_lair_carwin_6,
          serial_bayou_shore_b, grunt_megastairs_4, infiniplex_staircase_pool_2
Lair:2:   layout_small_grid, nicolae_lair_run_with_the_wolves

Notes
Turn   | Place    | Note
-------+----------+-------------------------------------------
     0 | D:1      | Rindaz the Octopode Brigand began the quest for the Orb.
     0 | D:1      | Reached XP level 1. HP: 14/14 MP: 1/1
    56 | D:1      | Reached XP level 2. HP: 13/20 MP: 2/2
   481 | D:2      | Noticed Jessica
   484 | D:2      | Killed Jessica
   485 | D:2      | Reached skill level 3 in Fighting
   485 | D:2      | Reached XP level 3. HP: 27/27 MP: 3/3
   630 | D:2      | Reached skill level 4 in Fighting
   928 | D:2      | Reached XP level 4. HP: 33/33 MP: 4/4
  1090 | D:2      | Found Impe's Antique Weapon Emporium.
  1328 | D:3      | Noticed Natasha
  1600 | D:3      | Found a radiant altar of Vehumet.
  1607 | D:3      | Reached skill level 5 in Fighting
  1607 | D:3      | Reached XP level 5. HP: 27/39 MP: 5/5
  1849 | D:3      | Killed Natasha
  1850 | D:3      | Reached skill level 3 in Short Blades
  1901 | D:3      | Noticed Natasha
  1903 | D:3      | Killed Natasha
  2044 | D:3      | Found a radiant altar of Vehumet.
  2189 | D:3      | Noticed Natasha
  2198 | D:3      | Killed Natasha
  2199 | D:3      | Reached XP level 6. HP: 45/45 MP: 6/6
  2380 | D:4      | Reached skill level 4 in Short Blades
  2456 | D:4      | Reached skill level 5 in Short Blades
  2679 | D:4      | Reached skill level 2 in Dodging
  2684 | D:4      | Reached XP level 7. HP: 36/50 MP: 7/7
  2781 | D:4      | Reached skill level 3 in Dodging
  2848 | D:4      | Found an opulent altar of Gozag.
  2856 | D:4      | Became a worshipper of Gozag Ym Sagoz the Greedy
  3294 | D:5      | Entered Level 5 of the Dungeon
  3352 | D:5      | Noticed Grinder
  3355 | D:5      | Killed Grinder
  3356 | D:5      | Reached skill level 4 in Dodging
  3681 | D:5      | Reached skill level 5 in Dodging
  3763 | D:5      | Reached XP level 8. HP: 56/56 MP: 8/8
  3838 | D:5      | Found a large runed translucent door.
  3838 | D:5      | Found a large runed translucent door.
  3942 | D:5      | Noticed dchavez06's ghost (novice BaIE)
  4128 | D:5      | Found an ancient bone altar of Kikubaaqudgha.
  4320 | D:5      | Reached skill level 6 in Fighting
  4320 | D:5      | Reached skill level 6 in Short Blades
  4518 | D:6      | Noticed Eustachio
  4526 | D:6      | Killed Eustachio
  4828 | D:6      | Noticed a two-headed ogre
  4829 | D:6      | Killed a two-headed ogre
  4830 | D:6      | Reached skill level 7 in Fighting
  4830 | D:6      | Reached skill level 7 in Short Blades
  4830 | D:6      | Reached skill level 8 in Fighting
  4830 | D:6      | Reached XP level 9. HP: 67/67 MP: 9/9
  4981 | D:6      | Found a shimmering blue altar of Sif Muna.
  5102 | D:6      | Reached skill level 9 in Fighting
  5230 | D:7      | Found a shadowy altar of Dithmenos.
  5403 | D:7      | Reached skill level 8 in Short Blades
  5419 | D:7      | Reached skill level 9 in Short Blades
  5439 | D:7      | Reached XP level 10. HP: 29/74 MP: 10/10
  5684 | D:7      | Found a staircase to the Ecumenical Temple.
  5935 | D:7      | Found Xukaot's Antique Armour Shop.
  6001 | D:7      | Reached skill level 10 in Short Blades
  6365 | D:7      | Learned a level 3 spell: Mephitic Cloud
  6455 | D:8      | Noticed a two-headed ogre
  6524 | D:7      | Reached skill level 10 in Fighting
  6701 | D:8      | Reached skill level 1 in Spellcasting
  6701 | D:8      | Reached skill level 1 in Conjurations
  6701 | D:8      | Reached skill level 1 in Air Magic
  6701 | D:8      | Reached skill level 1 in Alchemy
  6715 | D:8      | Reached skill level 2 in Alchemy
  7115 | D:8      | Killed a two-headed ogre
  7116 | D:8      | Reached skill level 7 in Stealth
  7116 | D:8      | Reached skill level 2 in Spellcasting
  7116 | D:8      | Reached skill level 2 in Conjurations
  7116 | D:8      | Reached skill level 2 in Air Magic
  7621 | D:9      | Found Inalogot's Antique Armour Boutique.
  7627 | D:9      | Reached skill level 8 in Stealth
  7659 | D:9      | Reached skill level 9 in Stealth
  7792 | D:9      | Reached skill level 10 in Stealth
  7792 | D:9      | Reached XP level 11. HP: 81/81 MP: 14/14
  7806 | D:9      | Found Mafroh's General Store.
  7812 | D:9      | Bought a scroll of fear for 64 gold pieces
  7812 | D:9      | Bought a book of the Hunter for 416 gold pieces
  7812 | D:9      | Bought a potion of haste for 160 gold pieces
  7850 | D:9      | Reached skill level 1 in Evocations
  7869 | D:9      | Reached skill level 3 in Alchemy
  7869 | D:9      | Reached skill level 2 in Evocations
  7882 | D:9      | Reached skill level 3 in Evocations
  8248 | D:9      | Found Ughuc's Weapon Shop.
  8553 | D:9      | Reached skill level 4 in Evocations
  8996 | D:10     | Entered Level 10 of the Dungeon
  9117 | D:10     | Noticed a two-headed ogre
  9124 | D:10     | Killed a two-headed ogre
  9124 | D:10     | Noticed Nergalle
  9144 | D:10     | Killed Nergalle
  9215 | D:10     | Found a bloodstained altar of Trog.
  9285 | D:10     | Reached skill level 11 in Fighting
  9592 | D:10     | Noticed a two-headed ogre
  9598 | D:10     | Killed a two-headed ogre
  9653 | D:10     | Noticed Fannar
  9660 | D:10     | Killed Fannar
  9661 | D:10     | Reached skill level 12 in Fighting
  9865 | D:11     | Found a staircase to the Lair.
  9880 | D:11     | Noticed a two-headed ogre
 10562 | D:11     | Reached skill level 11 in Stealth
 10728 | D:11     | Killed a two-headed ogre
 10729 | D:11     | Reached skill level 6 in Dodging
 10729 | D:11     | Reached XP level 12. HP: 91/91 MP: 12/15
 11046 | D:11     | Found a hide-covered altar of Uskayaw.
 11277 | D:11     | Found a staircase to the Orcish Mines.
 11547 | Lair:1   | Entered Level 1 of the Lair of Beasts
 11567 | Lair:1   | Reached skill level 12 in Stealth
 11576 | Lair:1   | Reached skill level 7 in Dodging
 11700 | Lair:1   | Found a shadowy altar of Dithmenos.
 11822 | Lair:1   | Reached skill level 8 in Dodging
 12085 | Lair:1   | Reached skill level 9 in Dodging
 12275 | Lair:1   | Identified the +7 rapier of the Fulmar {vamp, Stlth+}
 12534 | Lair:1   | Reached skill level 1 in Shapeshifting
 13070 | Lair:1   | Killed from afar by a rime drake

Vanquished Creatures
  Fannar (D:10)
  5 two-headed ogres
  Nergalle (D:10)
  4 cane toads (Lair:1)
  2 rime drakes
  2 komodo dragons (Lair:1)
  Grinder (D:5)
  A troll (D:11)
  A wraith (D:11)
  Eustachio (D:6)
  34 yaks
  A wyvern (Lair:1)
  5 water moccasins
  An acid dragon (D:11)
  12 orc warriors
  2 sky beasts
  3 ice beasts (D:11)
  A black bear (Lair:1)
  2 ogres
  18 wolves
  A centaur (D:9)
  3 kobold brigands
  8 bullfrogs
  A gnoll sergeant (D:9)
  9 wights
  10 killer bees (D:10)
  3 howler monkeys (D:9)
  A jelly (D:7)
  8 orc priests
  4 bombardier beetles
  3 gnoll boudas
  4 hounds
  Jessica (D:2)
  Natasha (thrice) (D:3)
  An iguana (D:5)
  7 orc wizards
  23 gnolls
  5 adders
  2 shadow imps
  2 white imps
  3 ufetubi
  3 dart slugs
  A ribbon worm (D:3)
  46 orcs
  7 bats
  8 endoplasms
  A giant cockroach (D:4)
  10 goblins
  3 hobgoblins
  6 jackals
  5 quokkas
  7 ball pythons
  5 frilled lizards
  20 kobolds
  A rat (D:2)
323 creatures vanquished.

Table legend: (Time is in decaauts)
 A = Elapsed time spent in this place.
 B = Non-inter-level travel time spent in this place.
 C = Inter-level travel time spent in this place.
 D = Time resting spent in this place.
 E = Time spent auto-exploring this place.
 F = Levels seen in this place.
 G = Mean time per level.
                   A        B        C        D        E       F      G
               +--------+--------+--------+--------+--------+-----+--------+
         Total |  12531 |  12211 |    320 |   2149 |   8322 |  13 |  963.9 |
       Dungeon |  11098 |  10814 |    284 |   1832 |   7444 |  11 | 1008.9 |
          Lair |   1433 |   1397 |     36 |    317 |    878 |   2 |  716.5 |
               +--------+--------+--------+--------+--------+-----+--------+

Top non-repeatable levels by time:
     D:7: 1664 daAuts
  Lair:1: 1426 daAuts
     D:9: 1298 daAuts
    D:10: 1227 daAuts
     D:5: 1202 daAuts
    D:11: 1171 daAuts
     D:4: 968 daAuts
     D:3: 961 daAuts
     D:2: 841 daAuts
     D:8: 693 daAuts
     D:6: 602 daAuts
     D:1: 467 daAuts
  Lair:2: 6 daAuts

Table legend:
 A = Non-vault XP
 B = Vault XP
 C = Vault XP percentage of total XP
 D = Non-vault monster count
 E = Vault monster count
 F = Vault count percentage of total count
                 A         B        C        D         E       F
            +---------+---------+-------+---------+---------+-------
      Total |   20316 |    6802 |  25.1 |     260 |      63 |  19.5
            +---------+---------+-------+---------+---------+-------
        D:1 |      18 |       0 |   0.0 |      12 |       0 |   0.0
        D:2 |      25 |      64 |  71.9 |      14 |      16 |  53.3
        D:3 |     183 |      35 |  16.1 |      25 |       1 |   3.8
        D:4 |     350 |       0 |   0.0 |      18 |       0 |   0.0
        D:5 |     496 |     377 |  43.2 |      14 |       7 |  33.3
        D:6 |     492 |    1056 |  68.2 |      15 |       3 |  16.7
        D:7 |    2184 |       0 |   0.0 |      31 |       0 |   0.0
        D:8 |    2795 |       0 |   0.0 |      17 |       0 |   0.0
        D:9 |    2921 |       0 |   0.0 |      42 |       0 |   0.0
       D:10 |    3119 |    1673 |  34.9 |      20 |       2 |   9.1
       D:11 |    2171 |    1835 |  45.8 |      24 |      22 |  47.8
     Lair:1 |    5326 |    1762 |  24.9 |      26 |      12 |  31.6
     Lair:2 |     236 |       0 |   0.0 |       2 |       0 |   0.0
            +---------+---------+-------+---------+---------+-------
